 Dungeon Crawl Stone Soup version 0.28.0 (webtiles) character file.

Game seed: 14045667222003098360

222 issech the Cudgeller (level 5, -7/53 HPs)
             Began as a Troll Monk on Feb 17, 2022.
             Splashed by a jelly's acid (8 damage)
             ... on level 4 of the Dungeon.
             The game lasted 00:08:35 (2649 turns).

issech the Cudgeller (Troll Monk)                   Turns: 2649, Time: 00:08:38

Health: -7/53      AC: -12   Str: 19    XL:     5   Next: 66%
Magic:  4/4        EV: 10    Int:  6    God:
Gold:   110        SH:  0    Dex: 14    Spells: 4/4 levels left

rFire   . . .      SeeInvis .   k - +0 morningstar
rCold   . . .      Faith    .   (no shield)
rNeg    . . .      Spirit   .   b - +0 robe
rPois   .          Reflect  .   (helmet restricted)
rElec   .          Harm     .   (no cloak)
rCorr   .          Rampage  .   (gloves unavailable)
Will    .....                   (boots unavailable)
Stlth   ++........              (no amulet)
HPRegen 0.97/turn               (no ring)
MPRegen 0.09/turn               (no ring)

@: corroded
A: large, unfitting armour, claws 3, regeneration 1, shaggy fur 1, tough skin 1
a: no special abilities


You were on level 4 of the Dungeon.
You visited 1 branch of the dungeon, and saw 4 of its levels.

You collected 110 gold pieces.

Inventory:

Hand Weapons
 a - a +0 mace
 k - a +0 morningstar (weapon)
 n - a +1 vorpal hand axe
Missiles
 e - 108 stones (quivered)
 j - 23 bolts
 o - 20 arrows
Armour
 b - a +0 robe (worn)
Scrolls
 d - a scroll of noise
 h - a scroll of vulnerability
 m - a scroll of magic mapping
 p - a scroll of holy word
 q - a scroll of enchant armour {unknown}
Potions
 c - a potion of might {unknown}
 f - a potion of degeneration {unknown}
 g - 2 potions of haste {unknown}
 i - 2 potions of curing {unknown}
 l - a potion of heal wounds {unknown}


   Skills:
 + Level 3.1 Fighting
 + Level 4.4 Maces & Flails
 + Level 3.2 Dodging
 + Level 1.5 Stealth


You had 4 spell levels left.
You didn't know any spells.
Your spell library contained the following spells:

 Spells                   Type           Power      Damage    Failure   Level
 Animate Dead             Necr           0%         N/A       99%         4
 Haunt                    Necr/Summ      0%         N/A       100%        7
 Infestation              Necr           0%         N/A       100%        8


Dungeon Overview and Level Annotations

Branches:
Dungeon (4/15)
 Temple: D:4-7

Altars:
Okawaru
Yredelemnul

Shops:
D:3 [


Innate Abilities, Weirdness & Mutations

You are too large for most types of armour.
You have claws for hands.
Your natural rate of healing is unusually fast.
You are covered in fur. (AC +1)
You have tough skin. (AC +1)


Message History

The jackal closely misses you. The jackal bites you.
You hit the jackal.
You kill the jackal!
A jelly comes into view.
The jackal bites you but does no damage.
The jelly quivers.
You thump the jackal!
You kill the jackal!
The jackal misses you.
You closely miss the jackal. The jackal barely misses you.
You hit the jackal but do no damage. The jackal bites you.
The jackal barely misses you.
You puncture the jackal!
You kill the jackal!
The goblin unwields a +0 dagger.
The goblin wields a +0 hunting sling.
The goblin shoots a sling bullet.
The sling bullet hits you but does no damage.
The jelly hits you. The acid corrodes you!
You are splashed with acid!
You hit the jelly.
Your claws burn!
The jelly is lightly wounded.
The goblin shoots a sling bullet.
The sling bullet hits you. The jelly closely misses you.
You hit the jelly. The acid corrodes you!
Your claws burn!
The jelly is moderately wounded.
The goblin shoots a sling bullet.
The sling bullet hits you. The jelly hits you. The acid corrodes you!
You are splashed with acid!
The goblin shoots a sling bullet.
The sling bullet hits you.
You puncture the jelly! The acid corrodes you!
Your claws burn!
* * * LOW HITPOINT WARNING * * *
The jelly is almost dead.
The jelly hits you.
* * * LOW HITPOINT WARNING * * *
The acid corrodes you!
You are splashed with acid!
* * * LOW HITPOINT WARNING * * *
The goblin shoots a sling bullet.
The sling bullet hits you.
* * * LOW HITPOINT WARNING * * *
The jelly hits you.
* * * LOW HITPOINT WARNING * * *
You are splashed with acid!
You die...

..###+ ....
.... ... .h#
#g# #†# . #@#
.. ######J#
... #... #.#
....#######.#
#.........#
####..###.#
##.##### #..#
#..##


You could see a jelly, a jackal and a goblin.

Vanquished Creatures
  A scorpion (D:2)
  An orc priest (D:3)
  5 adders
  A white imp (D:3)
  2 worms
  2 dart slugs (D:3)
  6 orcs
  3 endoplasms
  3 giant cockroaches (D:2)
  8 goblins
  5 hobgoblins
  6 jackals
  3 kobolds
  2 quokkas
  3 ball pythons
  3 frilled lizards
  8 rats
62 creatures vanquished.

Vanquished Creatures (others)
  15 fungi (D:4)
15 creatures vanquished.

Grand Total: 77 creatures vanquished

Notes
Turn   | Place    | Note
-------+----------+-------------------------------------------
     0 | D:1      | issech the Troll Monk began the quest for the Orb.
     0 | D:1      | Reached XP level 1. HP: 22/22 MP: 0/0
   238 | D:1      | Reached XP level 2. HP: 29/29 MP: 1/1
   259 | D:1      | Found a faded altar of an unknown god.
   981 | D:2      | Reached skill level 3 in Maces & Flails
   998 | D:2      | Found a basalt altar of Yredelemnul.
  1189 | D:2      | Reached XP level 3. HP: 36/36 MP: 2/2
  1309 | D:2      | Noticed a scorpion
  1329 | D:2      | Killed a scorpion
  1330 | D:2      | Reached XP level 4. HP: 23/44 MP: 3/3
  1647 | D:2      | Reached skill level 4 in Maces & Flails
  1770 | D:3      | Found an iron altar of Okawaru.
  1804 | D:3      | Reached XP level 5. HP: 34/52 MP: 4/4
  2279 | D:3      | Found Vuamum's Armour Emporium.
  2649 | D:4      | HP: 2/53 [goblin/sling bullet (5)]
  2649 | D:4      | Splashed by a jelly's acid

Illustrated notes

Levels and vault maps discovered:
D:1:      dpeg_arrival_simpleton_b, layout_basic,
          hellmonk_ecumenical_altar_arch_garden, chequers_serial_rivers_micro_a
D:2:      layout_basic, basic_altar, feat_on_display
D:3:      layout_basic, okawaru_ov_weapons_minmay, serial_shops, shop_statue
D:4:      layout_basic, gup_ossuary_entry_pyramid, serial_aquarium,
          aquarium_bridge_straight [aquarium_subvault_bridge,
          aquarium_subvault_wall, aquarium_subvault_bridge,
          aquarium_subvault_window], aquarium_bridge_straight
          [aquarium_subvault_bridge, aquarium_subvault_window,
          aquarium_subvault_bridge, aquarium_subvault_wall],
          aquarium_window_corridor_3, aquarium_window_fake, aquarium_window_1,
          aquarium_window_fake, aquarium_view_2d, aquarium_view_2e,
          aquarium_balcony_3a, serial_bayou_ford_a,
          hangedman_abyss_or_decor_jellyfish_corner

Skill      XL: |  1  2  3  4  5 |
---------------+----------------+-----
Maces & Flails | 3 4 |  4.4
Dodging        | 3 |  3.2
Fighting       | 3 |  3.1
Stealth        | |  1.5

Action                   |  1- 3 |  4- 6 || total
-------------------------+-------+-------++-------
Melee: Mace              |    90 |   125 ||   215
       Morningstar       |       |    11 ||    11
       Punch             |       |     1 ||     1
  Use: Scroll            |       |     4 ||     4
 Stab: Sleeping          |     3 |     2 ||     5
       Distracted        |       |     1 ||     1
Armor: Robe              |    35 |    42 ||    77
Dodge: Dodged            |    46 |    70 ||   116
